 Dungeon Crawl Stone Soup version 0.23-b1-6-ga921848b48 (webtiles) character file.

Game seed: 1349659890552088081

10031 Ihlosi the Basher (level 11, -3/67 HPs)
             Began as a Kobold Fighter on Jan 31, 2019.
             Was a Believer of the Shining One.
             Slain by a seven-headed hydra (11 damage)
             ... on level 1 of the Lair of Beasts on Feb 1, 2019.
             The game lasted 00:28:23 (11472 turns).

Ihlosi the Basher (Kobold Fighter)                 Turns: 11472, Time: 00:28:24

Health: -3/67      AC: 11    Str: 24    XL:     11   Next: 85%
Magic:  15/15      EV: 15    Int: 15    God:    the Shining One [**....]
Gold:   234        SH: 12    Dex: 12    Spells: 10/10 levels left

rFire    . . .     SeeInvis .   h - +2 flail (crush)
rCold    . . .     Gourm    .   c - +1 shield
rNeg     + . .     Faith    .   B - +4 leather armour "Ekiexuve" {rPois Str+7 Int+4 Dex-3}
rPois    +         Spirit   .   I - +1 helmet of Greater Demons {Int+2}
rElec    .         Reflect  .   o - scarf {cloud immunity}
rCorr    +         Harm     .   s - +0 pair of gloves
MR       +....                  (no boots)
Stlth    +.........             i - amulet of regeneration
HPRegen  0.61/turn              y - ring of resist corrosion
MPRegen  0.14/turn              v - ring of protection from magic

@: glowing
A: small, carnivore
a: Divine Shield, Renounce Religion


You were on level 1 of the Lair of Beasts.
You worshipped the Shining One.
The Shining One was pleased with you.
You were completely stuffed.

You visited 3 branches of the dungeon, and saw 11 of its levels.

You collected 471 gold pieces.
You spent 237 gold pieces at shops.

Inventory:

Hand Weapons
 a - a +0 morningstar
 h - a +2 flail of crushing (weapon)
 C - a +0 short sword of speed
 N - a +0 vampiric rapier
Missiles
 D - 59 bolts
Armour
 b - a +0 scale mail
 c - a +1 shield (worn)
 o - a scarf of cloud immunity (worn)
 r - a +0 robe of magic resistance
 s - a +0 pair of gloves (worn)
 B - the +4 leather armour "Ekiexuve" (worn) {rPois Str+7 Int+4 Dex-3}
   (You found it on level 6 of the Dungeon)

   It affects your strength (+7).
   It affects your intelligence (+4).
   It affects your dexterity (-3).
   It protects you from poison.
 E - a +2 leather armour of cold resistance
 G - a +0 scale mail of cold resistance
 H - a cursed +0 chain mail
 I - the +1 helmet of Greater Demons (worn) {Int+2}
   (You bought it in a shop on level 8 of the Dungeon)

   It affects your intelligence (+2).
 M - a +0 helmet
Jewellery
 i - an amulet of regeneration (around neck)
 v - a ring of protection from magic (right hand)
 w - an uncursed ring of stealth
 y - a ring of resist corrosion (left hand)
 K - an uncursed amulet of faith
Wands
 e - a wand of random effects (48)
 m - a wand of iceblast (2)
 A - a wand of disintegration (1)
 F - a wand of paralysis (9)
Scrolls
 d - 2 scrolls of amnesia
 j - 3 scrolls of enchant weapon
 n - 8 scrolls of remove curse
 p - 4 scrolls of teleportation
 z - 9 scrolls of identify
 L - a scroll of summoning {unknown}
Potions
 g - a potion of flight
 k - a potion of brilliance
 l - 2 potions of lignification
 q - 2 potions of might
 t - a potion of heal wounds
 u - 2 potions of haste
 x - 7 potions of curing
 J - a potion of ambrosia {unknown}
Comestibles
 f - 21 rations
 O - a chunk of flesh


   Skills:
 * Level 7.5 Fighting
 * Level 10.5 Maces & Flails
 * Level 6.0 Armour
 * Level 6.9 Dodging
 - Level 6.0 Shields
 * Level 2.6 Invocations
 - Level 6.0 Evocations


You had 10 spell levels left.
You didn't know any spells.
Your spell library contained the following spells:

 Spells                   Type           Power        Failure   Level  Hunger
 Animate Skeleton         Necr           N/A          77%         1    ##.....
 Apportation              Tloc           #.....       77%         1    ##.....
 Beastly Appendage        Tmut           #.....       77%         1    ##.....
 Confusing Touch          Hex            #.....       77%         1    ##.....
 Summon Small Mammal      Summ           #...         77%         1    ##.....
 Sticks to Snakes         Tmut           #.......     88%         2    ###....
 Spider Form              Tmut/Pois      #.........   98%         3    ####...
 Ice Form                 Ice/Tmut       #.......     100%        4    #####..
 Blade Hands              Tmut           #.........   100%        5    ######.


Dungeon Overview and Level Annotations

Branches:
Dungeon (9/15)             Temple (1/1) D:4            Lair (1/6) D:8
    Orc: D:9-12

Altars:
Ashenzari
Cheibriados
Dithmenos
Elyvilon
Fedhas
Gozag
Hepliaklqana
Kikubaaqudgha
Makhleb
Nemelex Xobeh
Okawaru
Qazlal
Ru
Sif Muna
Trog
Uskayaw
Vehumet
Wu Jian
Xom
Yredelemnul
Zin
The Shining One
Jiyva

Shops:
D:8 [

Annotations:
D:8 2 transporters, Goblin1989's ghost, novice DDFi


Innate Abilities, Weirdness & Mutations

You are small and have problems with some larger weapons.
You are carnivorous and can eat meat at any time.


Message History

You kill the bullfrog!
The iceblast engulfs the crocodile!
You kill the crocodile!
Evoke which item? (* to show all) (? for menu, Esc to quit)
Aiming: Disintegrate
Press: ? - help, Shift-Dir - straight line, f - seven-headed hydra
Aim: a seven-headed hydra (lightly wounded, haloed, chance to defeat MR: 55%)
The seven-headed hydra is blasted!!!
Evoke which item? (* to show all) (? for menu, Esc to quit)
Aiming: Disintegrate
Press: ? - help, Shift-Dir - straight line, f/p - seven-headed hydra
Aim: a seven-headed hydra (severely wounded, haloed, chance to defeat MR: 55%)
The seven-headed hydra resists with significant effort.
You block the seven-headed hydra's attack.
The seven-headed hydra bites you! The seven-headed hydra bites you.
You block the seven-headed hydra's attack.
The seven-headed hydra bites you!
* * * LOW HITPOINT WARNING * * *
The seven-headed hydra bites you!
You die...

.....HY†..#...#..##
.#.....###Y..###.##
#####P# #.H## ##.#
### #...###.##
#..†..†.# ##
##.#..H.# ####...
#.#..#S# .....#Y
....##D#
####.#....Y
#P##.##@# #......#
## #....# #...#
####.######.###
###P.#.#...#..P#
...............###
P#.P###.≈.<..≈≈.≈#
# #..≈≈.≈≈≈≈≈....
#.≈≈≈≈≈≈≈≈≈..#.#
#."≈≈≈≈≈≈≈≈≈....#


You could see a seven-headed hydra, a hippogriff and a black mamba.

Vanquished Creatures
  A two-headed ogre (D:9)
  An unseen horror (D:9)
  Joseph (D:7)
  An elephant (D:8)
  3 spiny frogs
  2 komodo dragons (D:8)
  Grinder (D:4)
  Prince Ribbit (D:7)
  10 yaks
  A basilisk (D:8)
  Duvessa (D:6)
  A porcupine (Lair:1)
  A black bear (D:6)
  2 orc warriors
  2 phantoms (D:7)
  2 sky beasts
  2 ice beasts
  2 ogres (D:6)
  3 centaurs
  2 crocodiles
  A big kobold (D:8)
  7 bullfrogs
  A water moccasin zombie (D:7)
  Dowan (D:6)
  2 scorpions
  4 killer bees (D:8)
  A howler monkey (D:8)
  2 crimson imps
  2 centaur zombies (D:8)
  6 jellies
  6 orc priests
  2 bullfrog skeletons
  A centaur skeleton (D:4)
  4 hounds
  4 gnoll shamans (D:6)
  Jessica (D:3)
  3 iguanas
  9 worker ants
  10 orc wizards
  Natasha (thrice) (D:2)
  A hound zombie (D:7)
  2 worker ant zombies
  Robin (D:1)
  16 adders
  42 gnolls
  A howler monkey skeleton (D:7)
  2 shadow imps
  6 oozes
  An adder skeleton (D:7)
  5 worms
  4 dart slugs
  5 leopard geckos
  37 orcs
  4 ball pythons
  12 giant cockroaches
  17 goblins
  6 hobgoblins
  33 jackals
  6 quokkas
  6 bats
  8 frilled lizards
  A jackal skeleton (D:4)
  16 kobolds
  9 rats
351 creatures vanquished.

Notes
Turn   | Place    | Note
-------+----------+-------------------------------------------
     0 | D:1      | Ihlosi the Kobold Fighter began the quest for the Orb.
     0 | D:1      | Reached XP level 1. HP: 14/14 MP: 1/1
   108 | D:1      | Reached XP level 2. HP: 15/19 MP: 2/2
   414 | D:1      | Reached skill level 2 in Maces & Flails
   438 | D:1      | Reached XP level 3. HP: 10/23 MP: 3/3
   743 | D:1      | Reached skill level 1 in Dodging
  1058 | D:2      | Reached XP level 4. HP: 26/29 MP: 4/4
  1061 | D:2      | Noticed Robin
  1183 | D:1      | Killed Robin
  1572 | D:2      | Reached XP level 5. HP: 32/33 MP: 5/5
  1584 | D:2      | Noticed Natasha
  1588 | D:2      | Killed Natasha
  1620 | D:2      | Noticed Natasha
  1641 | D:2      | Killed Natasha
  2210 | D:2      | Reached skill level 3 in Maces & Flails
  2230 | D:2      | Reached skill level 1 in Evocations
  2255 | D:2      | Reached XP level 6. HP: 36/38 MP: 6/6
  2396 | D:2      | Noticed Natasha
  2404 | D:2      | Killed Natasha
  2708 | D:2      | Found a shimmering altar of Xom.
  2917 | D:3      | Noticed Jessica
  2924 | D:3      | Killed Jessica
  3277 | D:3      | Reached XP level 7. HP: 10/43 MP: 8/8
  4169 | D:4      | Reached skill level 4 in Maces & Flails
  4262 | D:4      | Found a glowing golden altar of the Shining One.
  4309 | D:4      | Became a worshipper of the Shining One
  4655 | D:4      | Noticed Grinder
  4960 | D:4      | Found a staircase to the Ecumenical Temple.
  4966 | Temple   | Entered the Ecumenical Temple
  5242 | D:4      | Killed Grinder
  5242 | D:4      | Reached XP level 8. HP: 48/48 MP: 9/9
  5329 | D:4      | Found a faded altar of an unknown god.
  5329 | D:4      | Found a shadowy altar of Dithmenos.
  5334 | D:4      | Reached skill level 5 in Maces & Flails
  5338 | D:4      | Found a faded altar of an unknown god.
  5340 | D:4      | Found a sacrificial altar of Ru.
  5344 | D:4      | Found a snail-covered altar of Cheibriados.
  5429 | D:5      | Entered Level 5 of the Dungeon
  5890 | D:5      | Found a burning altar of Makhleb.
  6221 | D:5      | Reached skill level 5 in Fighting
  6221 | D:5      | Reached XP level 9. HP: 22/54 MP: 11/11
  6223 | D:5      | Reached skill level 6 in Maces & Flails
  6317 | D:5      | Found a burning altar of Makhleb.
  6712 | D:6      | Reached * piety under the Shining One
  6825 | D:6      | Got a slimy leather armour
  7138 | D:6      | Identified the +4 leather armour "Ekiexuve" {rPois Str+7
                  | Int+4 Dex-3} (You found it on level 6 of the Dungeon)
  7283 | D:6      | Reached skill level 5 in Shields
  7435 | D:6      | Reached skill level 7 in Maces & Flails
  7609 | D:6      | Reached ** piety under the Shining One
  7735 | D:6      | Noticed Duvessa
  7735 | D:6      | Noticed Dowan
  7743 | D:6      | Killed Duvessa
  7745 | D:6      | Killed Dowan
  7745 | D:6      | Reached XP level 10. HP: 59/59 MP: 13/13
  7883 | D:6      | Found a shadowy altar of Dithmenos.
  7951 | D:7      | Reached skill level 5 in Armour
  8195 | D:7      | Noticed Prince Ribbit
  8202 | D:7      | Killed Prince Ribbit
  8202 | D:7      | Reached skill level 5 in Dodging
  8399 | D:7      | Reached skill level 8 in Maces & Flails
  8620 | D:7      | Reached skill level 5 in Evocations
  8743 | D:7      | Noticed Joseph
  8750 | D:7      | Killed Joseph
  9259 | D:8      | Found a staircase to the Lair.
  9259 | D:8      | Noticed an elephant
  9280 | D:8      | Killed an elephant
  9332 | D:8      | Reached skill level 9 in Maces & Flails
  9383 | D:8      | Found Daicanape's Antique Armour Boutique.
  9386 | D:8      | Bought a faintly humming helmet for 237 gold pieces
  9391 | D:8      | Identified the +1 helmet of Greater Demons {Int+2} (You
                  | bought it in a shop on level 8 of the Dungeon)
  9429 | D:8      | Found a transporter.
  9432 | D:8      | Noticed Goblin1989's ghost (novice DDFi)
  9435 | D:8      | Identified the +1 great mace of Beyond {flame, *Slow MR+
                  | Str+5}
  9435 | D:8      | Noticed a two-headed ogre
  9437 | D:8      | Found a transporter.
  9441 | D:8      | Reached *** piety under the Shining One
  9457 | D:8      | Reached XP level 11. HP: 66/66 MP: 15/15
 10261 | D:9      | Found a viscous altar of Jiyva.
 10307 | D:9      | Noticed a two-headed ogre
 10312 | D:9      | Killed a two-headed ogre
 10312 | D:9      | Reached skill level 1 in Invocations
 10463 | D:9      | Noticed an unseen horror
 10473 | D:9      | Killed an unseen horror
 10522 | D:9      | Found an ornate altar of the Wu Jian Council.
 10886 | Lair:1   | Entered Level 1 of the Lair of Beasts
 10913 | D:8      | Reached skill level 10 in Maces & Flails
 11231 | D:8      | Upgraded the game from 0.23-b1-3-gdda8187c6f to
                  | 0.23-b1-6-ga921848b48
 11449 | Lair:1   | Noticed a seven-headed hydra
 11472 | Lair:1   | Slain by a seven-headed hydra

Skill      XL: |  1  2  3  4  5  6  7  8  9 10 11 |
---------------+----------------------------------+-----
Maces & Flails | 2 3 4 5 7 9 10 | 10.5
Dodging        | 1 2 3 4 5 6 |  6.9
Armour         | 3 4 5 6 |  6.0
Shields        | 3 4 5 6 |  6.0
Evocations     | 1 2 3 4 5 6 |  6.0
Fighting       | 4 5 6 7 |  7.5
Invocations    | 2 |  2.6

Action                   |  1- 3 |  4- 6 |  7- 9 | 10-12 || total
-------------------------+-------+-------+-------+-------++-------
Melee: Flail             |   119 |   222 |   361 |   343 ||  1045
       Morningstar       |       |       |   152 |       ||   152
Evoke: Wand              |       |       |    11 |    16 ||    27
  Use: Scroll            |     4 |       |    13 |       ||    17
       Potion            |     1 |     2 |     4 |       ||     7
  Eat: Chunk             |     8 |     3 |    21 |    12 ||    44
Armor: Scale mail        |    56 |    76 |   174 |       ||   306
       Leather armour    |       |       |    20 |    54 ||    74
Dodge: Dodged            |    42 |   102 |   249 |   126 ||   519
Block: Shield            |    64 |   140 |   354 |   202 ||   760
